 Dungeon Crawl Stone Soup version 0.22-a0-135-g6f012ad (webtiles) character file.

2151 KristoblXynda the Martial Artist (level 9, -3/54 HPs)
             Began as an Octopode Transmuter on Jan 31, 2018.
             Was an Initiate of Gozag.
             Killed from afar by an orc wizard (9 damage)
             ... with a magic dart
             ... on level 6 of the Dungeon.
             The game lasted 00:15:25 (6624 turns).

KristoblXynda the Martial Artist (OpTm)             Turns: 6624, Time: 00:15:26

Health: -3/54      AC:  2    Str: 12    XL:     9   Next: 31%
Magic:  10/12      EV: 19    Int: 21    God:    Gozag
Gold:   917        SH:  0    Dex: 17    Spells: 8/12 levels left

rFire    . . .     SeeInvis .     - Unarmed
rCold    . . .     Gourm    .   (shield currently unavailable)
rNeg     . . .     Faith    .   (helmet currently unavailable)
rPois    x         Spirit   .   (no amulet)
rElec    .         Reflect  .   g - +5 ring of intelligence
rCorr    .         Harm     .   (no ring)
MR       .....                  (no ring)
Stlth    +++.......             (no ring)
HPRegen  0.18/turn              (no ring)
MPRegen  0.13/turn              (no ring)
                                (no ring)
                                (no ring)

@: spider-form, gold aura
A: tiny, almost no armour, stealthy swim, (amphibious), 8 rings, (constrict 8)
a: End Transformation, Potion Petition, Call Merchant, Bribe Branch, Renounce
Religion


You were on level 6 of the Dungeon.
You worshipped Gozag.
Gozag was pleased with you.
You were very hungry.
You were a venomous arachnid creature.
You visited 1 branch of the dungeon, and saw 6 of its levels.
You also visited: Sewer.

You collected 1005 gold pieces.
You paid 88 gold pieces to Gozag.

Inventory:

Hand Weapons
 h - a +2 dagger of venom (melded)
Jewellery
 g - a +5 ring of intelligence (left front leg)
Wands
 i - a wand of acid (5)
 o - a wand of digging (4)
 t - a wand of random effects (6)
Scrolls
 a - 3 scrolls of remove curse
 d - 2 scrolls of teleportation
Potions
 e - 3 potions of agility
 f - a potion of flight {unknown}
 j - 2 potions of invisibility
 l - a potion of berserk rage {unknown}
 m - a potion of cancellation
 n - a potion of resistance
 p - 2 potions of might
 s - a potion of haste
Books
 b - a book of Changes

   Spells                             Type                      Level
   a - Beastly Appendage              Transmutation                1
   b - Sticks to Snakes               Transmutation                2
   c - Spider Form                    Transmutation/Poison         3
   d - Ice Form                       Ice/Transmutation            4
   e - Blade Hands                    Transmutation                5
 k - a book of Cantrips

   Spells                             Type                      Level
   a - Confusing Touch                Hexes                        1
   b - Animate Skeleton               Necromancy                   1
   c - Summon Small Mammal            Summoning                    1
   d - Apportation                    Translocation                1
Comestibles
 c - 4 rations


   Skills:
 + Level 1.7 Fighting
 - Level 2.0 Dodging
 - Level 5.1 Stealth
 * Level 9.2 Unarmed Combat
 - Level 2.0 Spellcasting
 + Level 6.4 Transmutations
 - Level 4.3 Poison Magic


You had 8 spell levels left.
You knew the following spells:

 Your Spells              Type           Power        Failure   Level  Hunger
a - Beastly Appendage     Tmut           ####..       5%          1    #......
b - Spider Form           Tmut/Pois      ###.......   14%         3    ###....


Dungeon Overview and Level Annotations

Branches:
Dungeon (6/15)
 Temple: D:4-7

Altars:
Gozag
Xom


Innate Abilities, Weirdness & Mutations

You cannot wear most types of armour.
You are very stealthy in the water. (Stealth+)
((You are amphibious.))
You can wear up to eight rings at the same time.
((You can use your tentacles to constrict eight enemies at once.))
((Your skin changes colour to match your surroundings (Stealth+).))
((Your rubbery body absorbs attacks. (AC +1, EV +1)))


Message History

The orc warrior hits you with a long sword of holy wrath!
You hit the orc warrior but do no damage.
The orc warrior looks as sick as possible!
The orc warrior is heavily wounded.
The orc wizard mumbles some strange words.
The orc wizard blinks!
The orc warrior barely misses you.
You closely miss the orc warrior.
The orc warrior is heavily wounded.
You hit the orc warrior.
The orc warrior looks as sick as possible!
The orc warrior is severely wounded.
The orc warrior hits you with a long sword of holy wrath!!
* * * LOW HITPOINT WARNING * * *
You kill the orc warrior!
You bite the orc!
You kill the orc!
The orc wizard points at you and mumbles some strange words.
The magic dart hits you!
You die...
Your body crumbles into a pile of gold.

####'## ####.#
......# #....#
......# #.####
......# #.#
......# #.#
......# #.#
......# #.#
......#*****
########.#
.......,,,,*
#$os.....#
###..,,,,,,*
#.########
*,,,,,,,,* #.#
*,,,,,,,,* #o#
********** #.# #o#
*************#.#
,,,,,,,,,,,,,..#**
,,,,,,,,,,,,,...,*


You could see an orc wizard.

Vanquished Creatures
  Pikel (D:4)
  Sigmund (D:3)
  An orc warrior (D:6)
  A slave (D:4)
  2 phantoms (D:5)
  An ice beast (D:5)
  A crocodile (Sewer)
  Blork the orc (D:5)
  6 big kobolds (D:5)
  A howler monkey (D:6)
  4 crimson imps
  A hound (D:6)
  A jelly (D:6)
  Crazy Yiuf (D:2)
  A bullfrog skeleton (D:5)
  2 worker ants
  Ijyb (D:3)
  Terence (D:3)
  2 gnolls (D:5)
  5 adders
  A river rat (D:5)
  An adder skeleton (D:5)
  A worm (D:2)
  2 dart slugs (D:2)
  6 leopard geckos
  4 orcs
  4 giant cockroaches
  7 goblins
  11 hobgoblins
  8 jackals
  48 kobolds
  2 quokkas
  2 ball pythons
  9 bats
  3 frilled lizards
  A giant cockroach zombie (D:6)
  A leopard gecko skeleton (D:4)
  25 rats
171 creatures vanquished.

Vanquished Creatures (others)
  An ogre (D:4)
1 creature vanquished.

Grand Total: 172 creatures vanquished

Notes
Turn   | Place    | Note
-------+----------+-------------------------------------------
     0 | D:1      | KristoblXynda the Octopode Transmuter began the quest for the Orb.
     0 | D:1      | Reached XP level 1. HP: 13/13 MP: 3/3
   111 | D:1      | Reached XP level 2. HP: 13/18 MP: 5/5
   622 | D:2      | Reached XP level 3. HP: 23/23 MP: 6/6
   627 | D:2      | Learned a level 3 spell: Spider Form
   678 | D:2      | Reached skill level 4 in Unarmed Combat
  1013 | D:2      | Reached XP level 4. HP: 25/28 MP: 7/7
  1544 | D:2      | Found a runed door.
  1548 | D:2      | Noticed Crazy Yiuf
  1558 | D:2      | Killed Crazy Yiuf
  1558 | D:2      | Reached skill level 1 in Poison Magic
  1558 | D:2      | Reached XP level 5. HP: 16/33 MP: 4/8
  1895 | D:3      | Noticed Ijyb
  1926 | D:3      | Killed Ijyb
  2065 | D:3      | Reached skill level 5 in Unarmed Combat
  2679 | D:3      | Noticed Terence
  2691 | D:3      | Killed Terence
  2767 | D:3      | Noticed Sigmund
  2773 | D:3      | Reached XP level 6. HP: 34/38 MP: 5/9
  2789 | D:3      | Killed Sigmund
  3000 | D:4      | Noticed Pikel
  3000 | D:4      | Noticed a slave
  3000 | D:4      | Noticed a slave
  3000 | D:4      | Noticed a slave
  3015 | D:4      | Killed a slave
  3070 | D:4      | Killed Pikel
  3070 | D:4      | Reached skill level 7 in Unarmed Combat
  3070 | D:4      | Reached XP level 7. HP: 22/43 MP: 3/10
  3070 | D:4      | Reached XP level 8. HP: 24/48 MP: 3/11
  3179 | D:4      | You fall through a shaft for 2 floors!
  3184 | D:6      | Found an opulent altar of Gozag.
  3197 | D:6      | Became a worshipper of Gozag Ym Sagoz the Greedy
  3327 | D:5      | Entered Level 5 of the Dungeon
  3406 | D:5      | Reached skill level 1 in Stealth
  3406 | D:5      | Reached skill level 5 in Transmutations
  3768 | D:5      | Found a glowing drain.
  3772 | Sewer    | Entered a sewer
  4612 | D:5      | Reached skill level 8 in Unarmed Combat
  5369 | D:5      | Reached XP level 9. HP: 3/53 MP: 12/12
  5755 | D:5      | Reached skill level 5 in Stealth
  5799 | D:5      | Noticed Blork the orc
  5811 | D:5      | Killed Blork the orc
  6290 | D:5      | Reached skill level 9 in Unarmed Combat
  6446 | D:6      | Found a shimmering altar of Xom.
  6446 | D:6      | Found a shimmering altar of Xom.
  6516 | D:6      | Found a shimmering altar of Xom.
  6519 | D:6      | Found a shimmering altar of Xom.
  6528 | D:6      | Found a shimmering altar of Xom.
  6624 | D:6      | Killed from afar by an orc wizard

Vault maps used:
D:1:      saegor_arrival_simple_d
D:2:      first_ration, uniq_crazy_yiuf_cottage
D:3:      minmay_rat_hole, uniq_terence, uniq_ijyb, uniq_sigmund
D:4:      lemuel_crystal_altar, fiery_altar_vehumet, uniq_pikel, uniq_edmund
D:5:      minmay_goblin_kobold_castle, gup_sewer_entry_bowl,
          palyth_stone_intersect, uniq_blork_the_orc
D:6:      nicolae_gozag_cash_rules_everything_around_me, xom_redecorated
Sewer:    sewer_the_crocodile

Skill      XL: |  1  2  3  4  5  6  7  8  9 |
---------------+----------------------------+-----
Unarmed Combat | 4 5 7 8 9 |  9.2
Transmutations | 3 4 5 6 |  6.4
Poison Magic   | 1 2 4 |  4.3
Stealth        | 4 5 |  5.1
Fighting       | |  1.7
Dodging        | |  2.0
Spellcasting   | |  2.0

Action                   |  1- 3 |  4- 6 |  7- 9 || total
-------------------------+-------+-------+-------++-------
Melee: Unarmed           |    14 |    37 |    87 ||   138
       Tentacles         |    11 |     9 |    22 ||    42
       Constrict         |    13 |    27 |    41 ||    81
       Dagger            |    42 |    81 |   156 ||   279
       Kick              |     1 |       |     8 ||     9
       Punch             |       |     3 |    11 ||    14
 Cast: Beastly Appendage |     1 |       |     4 ||     5
       Spider Form       |       |     5 |     9 ||    14
Evoke: Wand              |       |     1 |    24 ||    25
  Use: Scroll            |       |     6 |    17 ||    23
       Potion            |       |     2 |     2 ||     4
 Stab: Sleeping          |     4 |     1 |     4 ||     9
       Distracted        |       |       |     1 ||     1
  Eat: Chunk             |       |     5 |       ||     5
       Ration            |       |     1 |     3 ||     4
Armor: Skin              |     7 |     8 |    26 ||    41
Dodge: Dodged            |    45 |    63 |   205 ||   313

Table legend:
 A = Spawn XP
 B = Non-spawn XP
 C = Spawn XP percentage of total XP
 D = Spawn monster count
 E = Non-spawn monster count
 F = Spawn count percentage of total count
 G = Total turns spent on level
                    A         B        C        D         E        F      G
               +---------+---------+-------+---------+---------+-------+---------
         Total |       0 |    3073 |   0.0 |       0 |     170 |   0.0 |  6624
               +---------+---------+-------+---------+---------+-------+---------
           D:1 |       0 |      33 |   0.0 |       0 |      22 |   0.0 |   562
           D:2 |       0 |     132 |   0.0 |       0 |      16 |   0.0 |  1232
           D:3 |       0 |     385 |   0.0 |       0 |      36 |   0.0 |  1105
           D:4 |       0 |     674 |   0.0 |       0 |       2 |   0.0 |   280
           D:5 |       0 |    1447 |   0.0 |       0 |      80 |   0.0 |  2824
           D:6 |       0 |     292 |   0.0 |       0 |       8 |   0.0 |   425
         Sewer |       0 |     110 |   0.0 |       0 |       6 |   0.0 |   196
               +---------+---------+-------+---------+---------+-------+---------
